 Dungeon Crawl Stone Soup version 0.18.1-8-gdd0e5ea (webtiles) character file.

116 Scarto the Skirmisher (level 4, -6/37 HPs)
             Began as a Demonspawn Fighter on May 23, 2016.
             Killed by divine providence
             ... invoked by an orc priest
              (14 damage)
             ... on level 3 of the Dungeon.
             The game lasted 00:02:29 (1525 turns).

Scarto the Skirmisher (Demonspawn Fighter)          Turns: 1525, Time: 00:02:30

Health: -6/37      AC:  9    Str: 18    XL:     4   Next: 69%
Magic:  4/4        EV:  5    Int:  9    God:
Gold:   82         SH:  9    Dex: 12    Spells: 0 memorised, 3 levels left

rFire  . . .     SeeInvis .     a - +0 war axe
rCold  . . .     Gourm    .     p - +0 chain mail
rNeg   . . .     Faith    .     c - +0 shield
rPois  .         Spirit   .     (no helmet)
rElec  .         Dismiss  .     (no cloak)
rCorr  .         Reflect  .     (no gloves)
SustAt .         Harm     .     (no boots)
MR     .....                    (no amulet)
Stlth  ..........               (no ring)
                                (no ring)

@: lethally poisoned (-6 -> -7), not resistant to hostile enchantments,
extremely unstealthy
A: nightstalker 1, sturdy frame 1
a: no special abilities


You were on level 3 of the Dungeon.
You were not hungry.

You visited 1 branch of the dungeon, and saw 3 of its levels.

You collected 82 gold pieces.

Inventory:

Hand Weapons
 a - a +0 war axe (weapon)
Missiles
 j - 2 exploding tomahawks (quivered)
Armour
 c - a +0 shield (worn)
 p - a +0 chain mail (worn)
Scrolls
 g - a scroll of identify
 i - a scroll of remove curse {unknown}
 l - a scroll of recharging {unknown}
 m - a scroll of enchant weapon {unknown}
 n - 2 scrolls of enchant armour {unknown}
 o - a scroll of blinking {unknown}
Potions
 e - a potion of haste
 f - a potion of curing {unknown}
 k - 2 potions of brilliance {unknown}
Comestibles
 d - a meat ration
 h - a slice of pizza


   Skills:
 + Level 3.9 Fighting
 + Level 2.4 Axes
 + Level 3.2 Armour
 + Level 3.6 Shields


You had 3 spell levels left.
You didn't know any spells.

Dungeon Overview and Level Annotations

Branches:
Dungeon (3/15)

Altars:
Elyvilon
Kikubaaqudgha


Innate Abilities, Weirdness & Mutations

You are slightly more attuned to the shadows.
Your movements are slightly less encumbered by armour (ER -2).


Message History

You are poisoned.
The adder poisons you!
Your shield and chain mail prevent you from hitting the adder.
The adder is almost dead.
You feel sick.
The adder bites you but does no damage. x2
You miss the adder.
The adder is almost dead.
You feel sick. The adder barely misses you.
The orc priest casts a cantrip, but nothing happens.
You block the adder's attack.
The orc priest miscasts a cantrip.
You closely miss the adder.
The adder is almost dead.
The adder bites you but does no damage. x2
You barely miss the adder.
The adder is almost dead.
You feel sick.
The orc priest calls down the wrath of Beogh upon you.
Beogh smites you!
You die...

#.. ...# #...#
.....# ..
......## #...
.......###o...#
......@Soro....
.......##ro...#
......## .#....
.....# .o ###
#..$# #o# ##+#
.# .#


You could see an orc priest, an adder, 3 orcs and 2 rats.

Vanquished Creatures
  4 gnolls (D:2)
  3 adders
  A worm (D:2)
  4 dart slugs
  A giant gecko (D:1)
  An orc (D:3)
  A giant cockroach (D:2)
  8 goblins
  A hobgoblin (D:1)
  4 jackals (D:1)
  A ball python (D:1)
  A bat (D:1)
  4 kobolds
  7 rats
41 creatures vanquished.

Notes
Turn   | Place    | Note
--------------------------------------------------------------
     0 | D:1      | Scarto the Demonspawn Fighter began the quest for the Orb.
     0 | D:1      | Reached XP level 1. HP: 18/18 MP: 1/1
    85 | D:1      | Gained mutation: You are slightly more attuned to the shadows. [demonic ancestry]
    85 | D:1      | Reached XP level 2. HP: 21/24 MP: 2/2
   686 | D:1      | Gained mutation: Your movements are slightly less encumbered by armour (ER -2). [demonic ancestry]
   686 | D:1      | Reached XP level 3. HP: 19/29 MP: 3/3
   789 | D:2      | Reached XP level 4. HP: 17/37 MP: 4/4
  1237 | D:2      | Found a white marble altar of Elyvilon.
  1455 | D:2      | Found an ancient bone altar of Kikubaaqudgha.
  1525 | D:3      | Killed from afar by an orc priest

Skill      XL: |  1  2  3 |
---------------+----------+-----
Shields        | 3 |  3.6
Axes           | 2 |  2.4
Armour         | 3 |  3.2
Fighting       | |  3.9

Action                   |  1- 3 |  4- 6 || total
-------------------------+-------+-------++-------
Melee: War axe           |    85 |    54 ||   139
  Use: Potion            |     1 |       ||     1
       Scroll            |       |     1 ||     1
  Eat: Bread ration      |     1 |       ||     1
Armor: Scale mail        |    32 |    12 ||    44
       Chain mail        |       |    18 ||    18
Dodge: Dodged            |    26 |    14 ||    40
Block: Shield            |    52 |    24 ||    76
